AoeStats
← THL

Arabia

506371017Analyzed
2v2 RM · 19d ago on Sep 13, 2026· 34m 33s· 4 players
Game mode
Random Map
Map size
Medium (4 player)
Population
200
Speed
Normal
Resources
Standard
Victory
Conquest
Starting age
Dark Age
Ending age
Imperial Age
RankedLock teamsTeams togetherTeam positionsShared explorationLock speedFull tech treeHidden civsTurbo modeCheats
Victory
Defeat
🇹🇼 Tupi · Taiwan
1530
+15
🇹🇼 Tupi · Taiwan
1510
+16
🇻🇳 Vietnamese · Vietnam
1546
-16
🇨🇳 Magyars · China
1486
-15
Fox | NoMoney
7:01 Loom
9:36 Feudal Age
9:53 Champi Runner
11:01 Double-Bit Axe
13:22 Scale Mail Armor
18:38 Forging
23:08 Castle Age
21:37 Arson
22:41 Gold Mining
22:31 Horse Collar
23:28 Champi Warrior
24:09 Squires
24:29 Chain Mail Armor
26:23 Iron Casting
26:14 Bow Saw
30:40 Pikeman
33:53 Wheelbarrow
33:04 Town Watch
好警察
7:47 Loom
10:48 Feudal Age
10:55 Champi Runner
11:24 Double-Bit Axe
13:34 Scale Mail Armor
14:31 Arson
21:31 Castle Age
21:43 Champi Warrior
22:53 Chain Mail Armor
23:23 Squires
26:23 Forging
26:54 Wheelbarrow
26:34 Bow Saw
28:15 Horse Collar
33:05 Sanctity
表哥
6:57 Loom
9:44 Feudal Age
14:42 Double-Bit Axe
18:56 Scale Barding Armor
20:15 Bloodlines
23:48 Castle Age
22:31 Gold Mining
22:24 Horse Collar
24:38 Husbandry
25:01 Chain Barding Armor
25:20 Gold Shaft Mining
26:12 Town Watch
30:28 Wheelbarrow
33:24 Bow Saw
THL
7:26 Loom
11:06 Feudal Age
12:05 Double-Bit Axe
15:32 Fletching
24:53 Castle Age
23:10 Gold Mining
26:03 Bow Saw
25:21 Crossbowman
25:57 Bodkin Arrow
29:51 Ballistics
33:32 Horse Collar
Connection lost

Rejoining the realm…

Still unreachable

The connection could not be restored.

Session expired

The server has moved on; the page needs a fresh start.